 Dungeon Crawl Stone Soup version 0.30-a0-808-g6e0788376e (webtiles) character file.

Game seed: 3840577304853607825

214 bmack86 the Chopper (level 5, 0/47 HPs)
             Began as a Minotaur Fighter on Feb 26, 2023.
             Succumbed to Ijyb's poison
             ... on level 4 of the Dungeon.
             The game lasted 00:05:37 (2405 turns).

bmack86 the Chopper (Minotaur Fighter)              Turns: 2405, Time: 00:05:37

Health: 0/47       AC:  7    Str: 22    XL:     5   Next: 60%
Magic:  4/4        EV:  9    Int:  5    God:
Gold:   169        SH:  0    Dex: 10    Spells: 4/4 levels left

rFire   . . .      SeeInvis .    a - +1 war axe
rCold   . . .      Faith    .    c - +1 buckler
rNeg    . . .      Spirit   .    b - +0 scale mail
rPois   .          Reflect  .    (helmet restricted)
rElec   .          Harm     .    (no cloak)
rCorr   .          Rampage  .    (no gloves)
Will    .....                    (no boots) Stlth
                                 (no amulet)
HPRegen 0.27/turn                (no ring)
MPRegen 0.09/turn                (no ring)

@: confused, lethally poisoned (0 -> -23)
A: horns 2, retaliatory headbutt
a: no special abilities


You were on level 4 of the Dungeon.
You visited 1 branch of the dungeon, and saw 4 of its levels.

You collected 169 gold pieces.

Inventory:

Hand Weapons
 a - a +1 war axe (weapon)
Missiles
 e - 10 poisoned darts
 j - 5 boomerangs (quivered)
 k - 6 silver boomerangs
Armour
 b - a +0 scale mail (worn)
 c - a +1 buckler (worn)
Scrolls
 h - 3 scrolls of teleportation
 l - a scroll of magic mapping
 n - a scroll of immolation
 o - a scroll of enchant weapon
 p - a scroll of enchant armour
 q - a scroll of poison {unknown}
Potions
 d - a potion of might
 f - a potion of haste
 g - a potion of curing
 i - a potion of magic
 m - a potion of mutation
 r - a potion of lignification {unknown}


   Skills:
 + Level 4.5 Fighting
 * Level 4.7 Axes
 + Level 1.8 Throwing
 + Level 4.4 Armour
 + Level 4.5 Shields


You had 4 spell levels left.
You didn't know any spells.
Your spell library was empty.

Dungeon Overview and Level Annotations

Branches:
Dungeon (4/15)
 Temple: D:4-7

Altars:
Fedhas

Annotations:
D:4 Ijyb


Innate Abilities, Weirdness & Mutations

You have a pair of horns on your head.
You reflexively headbutt those who attack you in melee.


Message History

You are poisoned.
Ijyb zaps a wand.
You resist with some effort.
You slash Ijyb! Your headbutt misses Ijyb.
Ijyb is moderately wounded.
You feel very sick.
Ijyb hits you with a +0 dagger of venom.
You are more poisoned.
Ijyb zaps a wand.
Your will is overpowered!
You are confused.
You hit Ijyb but do no damage.
Ijyb is moderately wounded.
You feel very sick. Ijyb barely misses you.
Ijyb hits you with a +0 dagger of venom.
You are more poisoned.
Ijyb attacks as you move away!
Ijyb hits you with a +0 dagger of venom.
You feel very sick.
You feel very sick. Ijyb barely misses you.
Ijyb zaps a wand.
You resist with some effort.
You feel very sick.
You miss Ijyb.
Ijyb is moderately wounded.
You feel sick. Ijyb hits you but does no damage. Ijyb completely misses you.
You closely miss Ijyb.
Ijyb is moderately wounded.
You feel sick.
Ijyb zaps a wand.
Your will is overpowered!
You are more confused.
Ijyb misses you.
You feel sick.
Ijyb hits you with a +0 dagger of venom.
* * * LOW HITPOINT WARNING * * *
You are lethally poisoned!
Ijyb hits you with a +0 dagger of venom.
* * * LOW HITPOINT WARNING * * *
You are more poisoned.
Ijyb attacks as you move away! Ijyb closely misses you.
* * * LOW HITPOINT WARNING * * *
You feel extremely sick.
You die...

*,*********,,............#..#,,
**,,,,,,,,,**###.........)..#,,
*,~~~~~~~,* #.........)..#.###
*~,,~~~,,~* #..........#.#....
*~,~,,,~,~* #..........#.#....
*~,~,_,~,~* #..........#......
*~,~,,,~,~* #......#########..
*~,,~≈≈,,~###......# #..
*,~~~≈≈≈≈,#..@.....# #..
**,,,,.....#...g.#### ###
*,********#......#
*,,,,*****#......#
****,,,......)...#
****####......# #......#
#......# #......# **


You could see Ijyb (fast).

Vanquished Creatures
  A hound (D:4)
  An orc wizard (D:3)
  A hound zombie (D:3)
  2 hound skeletons (D:3)
  5 adders
  An adder zombie (D:3)
  An adder skeleton (D:3)
  A worm (D:3)
  2 dart slugs
  4 orcs (D:3)
  A bat (D:1)
  4 endoplasms
  4 giant cockroaches
  10 goblins
  6 hobgoblins
  2 quokkas
  4 ball pythons
  A ball python skeleton (D:3)
  A ball python zombie (D:3)
  2 frilled lizards (D:2)
  2 kobolds (D:4)
  4 rats
60 creatures vanquished.

Vanquished Creatures (others)
  2 plants (D:3)
  A withered plant (D:3)
3 creatures vanquished.

Grand Total: 63 creatures vanquished

Notes
Turn   | Place    | Note
-------+----------+-------------------------------------------
     0 | D:1      | bmack86 the Minotaur Fighter began the quest for the Orb.
     0 | D:1      | Reached XP level 1. HP: 19/19 MP: 0/0
   516 | D:1      | Reached XP level 2. HP: 27/27 MP: 1/1
   888 | D:2      | Reached XP level 3. HP: 33/33 MP: 2/2
  1314 | D:3      | Reached skill level 1 in Throwing
  1336 | D:3      | Reached XP level 4. HP: 9/40 MP: 3/3
  1669 | D:3      | Found a blossoming altar of Fedhas.
  1782 | D:3      | Reached XP level 5. HP: 37/47 MP: 4/4
  2388 | D:4      | Noticed Ijyb
  2405 | D:4      | Succumbed to Ijyb's poison

Illustrated notes

Levels and vault maps discovered:
D:1:      spicycebolla_arrival_risky_transporter, layout_loops_cross
D:2:      layout_basic
D:3:      layout_rooms, fedhas_ov_isle_minmay, serial_undead, serial_undead_f,
          serial_undead_e, serial_undead_b, serial_undead_f, serial_undead_e,
          serial_undead_a, hex_large
D:4:      corexii_shantytown, layout_basic, mainiacjoe_overflow_paths,
          serial_curves, eino_curves_04, eino_curves_04, uniq_natasha,
          uniq_ijyb, uniq_crazy_yiuf_cottage, uniq_sigmund

Skill      XL: |  1  2  3  4 |
---------------+-------------+-----
Axes           | 3 4 |  4.7
Fighting       | 4 |  4.5
Shields        | 4 |  4.5
Armour         | 4 |  4.4
Throwing       | 1 |  1.8

Action                     |  1- 3 |  4- 6 || total
---------------------------+-------+-------++-------
  Melee: War axe           |    88 |    71 ||   159
         Headbutt          |     9 |    12 ||    21
    Use: Scroll            |     5 |     6 ||    11
 Armour: Scale mail        |    54 |    19 ||    73
  Dodge: Dodged            |    31 |    31 ||    62
  Block: Buckler           |    25 |    18 ||    43

Table legend: (Time is in decaauts)
 A = Elapsed time spent in this place.
 B = Non-inter-level travel time spent in this place.
 C = Inter-level travel time spent in this place.
 D = Time resting spent in this place.
 E = Time spent auto-exploring this place.
 F = Levels seen in this place.
 G = Mean time per level.
                   A        B        C        D        E       F      G
               +--------+--------+--------+--------+--------+-----+--------+
         Total |   2463 |   2413 |     50 |     71 |   1468 |   4 |  615.8 |
       Dungeon |   2463 |   2413 |     50 |     71 |   1468 |   4 |  615.8 |
               +--------+--------+--------+--------+--------+-----+--------+

Top non-repeatable levels by time:
     D:3: 960 daAuts
     D:1: 682 daAuts
     D:2: 632 daAuts
     D:4: 188 daAuts
